Unix NetHack Version 3.7.0-88 Work-in-progress - last build Aug 6 2023 13:40:22 (5c9c4c7fffe0d5f0a8b1342c2a36a56ed743986a,branch:master). Game began 2023-08-15 16:46:46, ended 2023-08-18 17:55:31. Ashpool, neutral male gnomish Archeologist ---------------- |....k.........| ##h#################................f ######## --------.-------# --------- #--------------- # # ####@##00......>.##t##E[............| # # [ % )|.....S.| #|.............-%##%# #### # # # )|.......+ ##|...u.........| # # # # )-----.--- #----------|---- ## # ## # ) [### #### # # # # # # # # # ## # # ) ### # # ## # ### # # # # # # #------------ --------# ### # $# # ### # #|.....%....| |...[).|# # # # # ###-.------ #|.......%..| |...([).# --------|---# ###.--- #.......| #|..........| |....).| |.....`....|# ...| |......| #...........| -------- |.......<..-# |..| |......| |..........| ----------|- ---- -------- ------------ Ashpool the Exhumer St:18/09 Dx:9 Co:17 In:17 Wi:16 Ch:12 Neutral Dlvl:16 $:435 HP:0(78) Pw:54(54) AC:-2 Xp:12/26736 T:28742 Blind Latest messages: The fire giant throws a dart! You are hit by a dart. You hit the fire giant! The fire giant swings his runed broadsword. The fire giant hits! You kill the fire giant! There are many objects here. What do you want to invoke? [a or ?*] Never mind. What do you want to write with? [- agwyDR or ?*] You write in the dust with your fingertip. Something is written here in the dust. You read: "Elbereth". There is a fire giant corpse here; eat it? [ynq] (n) This fire giant corpse is stringy. You finish eating the fire giant corpse. Something is written here in the dust. You read: "[lber?th". You see here a crude dagger. You see here a crude dagger. Something is written here in the dust. You read: "? c?". You see here a crude dagger. With great effort you move the boulder. Something is written here in the dust. You read: "_lbe etn". There are many objects here. The fire giant hits! You hit the fire giant! The fire giant hits! You miss the fire giant. The fire giant hits! You hit the fire giant! The fire giant hits! The fire giant knocks you back with a forceful blow! Ouch! You kill the fire giant! Something is written here in the dust. You read: "? ??". You see here a crude dagger. What do you want to put on? [D or ?*] You are now wearing a towel around your head. You can't see any more. You try to feel what is lying here on the ground. There are many objects here. q - an uncursed corroded +0 pick-axe (weapon in hand). a - a blessed rustproof battle-axe named Cleaver (alternate weapon; not wielded). You try to feel what is lying here on the ground. Touching the cockatrice corpse is a fatal mistake... You turn to stone... Inventory: Coins ('$') $ - 435 gold pieces Amulets ('"') I - an uncursed amulet of ESP (being worn) Weapons (')') a - the blessed rustproof +0 Cleaver (alternate weapon; not wielded) Armor ('[') X - an uncursed +0 pair of iron shoes (being worn) b - an uncursed +1 elven cloak (being worn) Y - an uncursed +0 elven mithril-coat (being worn) Comestibles ('%') M - 2 uncursed carrots Q - an uncursed food ration p - 2 uncursed tripe rations N - an uncursed homemade tin of troll meat J - an uncursed partly eaten lizard corpse named tricebane O - an uncursed lizard corpse Scrolls ('?') V - an uncursed scroll of charging Potions ('!') S - an uncursed potion of gain energy Wands ('/') R - an uncursed wand of lightning (0:0) Tools ('(') z - a blessed bag of holding containing 60 items B - an empty uncursed bag of holding T - an empty uncursed bag of holding f - an uncursed mirror F - an uncursed oil lamp q - an uncursed corroded +0 pick-axe (weapon in hand) e - an uncursed skeleton key U - an uncursed tin opener D - an uncursed towel (being worn) s - an uncursed +0 unicorn horn Gems/Stones ('*') y - an uncursed emerald w - an uncursed luckstone g - an uncursed touchstone Contents of the bag of holding: 29198 gold pieces an uncursed +0 silver dagger an uncursed +0 mummy wrapping 2 blessed scrolls of blank paper a blessed scroll of blank paper 2 uncursed scrolls of blank paper 3 uncursed scrolls of blank paper 2 cursed scrolls of blank paper an uncursed scroll of charging an uncursed scroll of confuse monster 2 uncursed scrolls of create monster an uncursed scroll of create monster an uncursed scroll of destroy armor an uncursed scroll of earth 2 uncursed scrolls of earth an uncursed scroll of enchant armor an uncursed scroll of enchant weapon a cursed scroll of enchant weapon an uncursed scroll of fire a blessed scroll of genocide an uncursed scroll of identify a cursed scroll of identify a blessed scroll of light a blessed scroll of light 2 uncursed scrolls of light an uncursed scroll of light a cursed scroll of light an uncursed scroll of magic mapping an uncursed scroll of magic mapping 2 uncursed scrolls of remove curse a blessed scroll of taming an uncursed scroll of teleportation an uncursed scroll of teleportation a cursed scroll of teleportation an uncursed spellbook of confuse monster an uncursed potion of gain ability an uncursed potion of hallucination 6 potions of holy water a potion of unholy water a potion of unholy water an uncursed ring of levitation an uncursed wand of digging (0:5) an uncursed wand of digging (0:1) an uncursed wand of magic missile named empty (0:0) an uncursed wand of magic missile (0:0) an uncursed wand of polymorph (0:5) an uncursed wand of secret door detection (0:12) an uncursed wand of slow monster (0:3) an uncursed wand of speed monster (0:7) an uncursed wand of speed monster (0:6) an uncursed wand of striking named empty (0:0) an uncursed wand of teleportation (0:6) an uncursed wand of teleportation (0:5) an uncursed wand of undead turning (0:4) an uncursed wand of undead turning (0:4) an uncursed expensive camera (0:47) an uncursed magic whistle a blessed oil lamp an uncursed tinning kit (0:91) an uncursed worthless piece of violet glass Ashpool the Archeologist's attributes: Background: You were an Exhumer, a level 12 male gnomish Archeologist. You were neutral, on a mission for Camaxtli who was opposed by Quetzalcoatl (lawful) and Huhetotl (chaotic). You were in the Dungeons of Doom, on level 16. You entered the dungeon 28742 turns ago. There was a new moon in effect when your adventure ended. You had 26736 experience points, 13264 more were needed to attain level 13. Basics: You had 0 out of 78 hit points. You had all 54 energy points (spell power). Your armor class was -2. Your wallet contained 435 zorkmids, and you had 29198 more stashed away in your pack. Autopickup was on for '$"?' plus thrown, with exceptions. Final Characteristics: Your strength was 18/09 (limit:18/50). Your dexterity was 9 (limit:18). Your constitution was 17 (limit:18). Your intelligence was 17 (limit:19). Your wisdom was 16 (limit:18). Your charisma was 12 (limit:18). Final Status: You were deliberately blind. You were not hungry. You were unencumbered. You were wielding a pick-axe. You had basic skill with pick-axe. Final Attributes: You were piously aligned. You were fire resistant. You were cold resistant. You were shock resistant. You were poison resistant. You would have seen invisible when not blind. You were telepathic. You had automatic searching. You had infravision. You were invisible to others. You were stealthy. You had a small defense bonus (+3). You were guarded. You were lucky. You had extra luck. Bad luck did not time out for you. Good luck did not time out for you. You are dead. Miscellaneous: You disabled loading of bones levels. Total elapsed playing time was 4 hours, 4 minutes and 28 seconds. Major events: Turn 1: Ashpool the neutral male gnomish Archeologist entered the dungeon 629: entered the Gnomish Mines 1397: attained the rank of Field Worker (level 3) 3341: reached Mine Town 4434: attained the rank of Investigator (level 6) 5675: was bestowed with Cleaver by Camaxtli 8114: was bestowed with Dragonbane by Camaxtli 9996: entered Sokoban 11045: made his first wish - "blessed greased +2 grey dragon scale mail", got "a greased gray dragon scale mail" 11499: completed 1st Sokoban level 12177: completed 2nd Sokoban level 12201: attained the rank of Exhumer (level 10) 12606: completed 3rd Sokoban level 14697: completed 4th Sokoban level 17501: acquired the Mines' End luckstone 21928: acquired the Sokoban bag of holding 26998: performed his first genocide (disenchanters) 28742: petrified by touching a cockatrice corpse bare-handed Vanquished creatures: a titanothere a vampire leader a lurker above 2 black puddings 2 vampires 2 giant mimics 3 long worms 2 fire giants an ice troll 2 couatls 2 stalkers an earth elemental a water elemental 2 giant mummies a black naga a xorn a giant zombie an elf-noble 6 wargs 2 winter wolves a small mimic 2 warhorses a xan an ettin mummy an ogre leader 2 quantum mechanics 8 trolls 2 sasquatches 2 wood golems a gelatinous cube 6 pyrolisks a large dog a freezing sphere 3 flaming spheres 2 shocking spheres a large cat a gargoyle a dwarf ruler 2 tengu 3 ochre jellies 2 leocrottas an energy vortex 2 mountain centaurs 4 stone giants 4 human mummies a red naga a python a cobra 3 wraiths 2 ettin zombies 3 leather golems 5 Grey-elves an amorous demon 3 chameleons 3 crocodiles a giant beetle 5 cockatrices 15 wolves 2 winter wolf cubs a panther 3 leprechauns 3 orc-captains an iron piercer a giant spider 3 scorpions a horse an ice vortex 2 black lights 4 vampire bats a forest centaur 2 gnome rulers a dwarf mummy 2 brown puddings 3 rust monsters an owlbear a yeti 2 gold golems 2 werewolves 2 Green-elves 9 lizards 4 chickatrices 3 dingoes a dog 4 jaguars a white unicorn 3 dust vortices a raven 2 gnome mummies a snake 2 apes a human zombie a Woodland-elf 10 soldier ants 6 bugbears a quasit a wood nymph 3 water nymphs 2 mountain nymphs a Mordor orc 9 Uruk-hai 2 orc shamans 9 rock piercers 6 rock moles a fog cloud 7 yellow lights 3 shriekers 2 violet fungi 3 gnome leaders 2 gnomish wizards 3 kobold mummies a gray ooze a barrow wight 8 elf zombies 2 ghouls a straw golem 3 paper golems 15 giant ants 2 little dogs 6 floating eyes a kitten 7 dwarves 3 homunculi 3 kobold leaders 10 kobold shamans 25 hill orcs 21 rothes 2 rabid rats 7 giant bats 2 monkeys 6 orc zombies 4 dwarf zombies 3 wererats 2 werejackals 9 iguanas 14 killer bees 4 acid blobs 6 coyotes 2 gas spores 10 hobbits 3 manes 6 large kobolds 3 hobgoblins 11 giant rats 6 cave spiders 2 brown molds 3 yellow molds 2 green molds 2 red molds 8 gnomes 20 garter snakes 3 gnome zombies 9 geckos 18 jackals 2 foxes 5 kobolds 11 goblins 2 sewer rats 17 grid bugs 7 bats 17 lichens 3 kobold zombies 16 newts 633 creatures vanquished. Genocided species: disenchanters 1 species genocided. Voluntary challenges: You read items or engraved 77 times. You engraved Elbereth 42 times. You genocided 1 type of monster. You never polymorphed an object. You used 1 wish. You did not wish for any artifacts. You violated the special Sokoban rules once. Achievements: You entered the Gnomish Mines. You attained the rank of Field Worker. You entered a shop. You entered Minetown. You entered a temple. You attained the rank of Investigator. You entered Sokoban. You attained the rank of Exhumer. You completed the Gnomish Mines. You completed Sokoban. The Dungeons of Doom: levels 1 to 18 Level 1: Level 2: "dog" Some fountains, a grave. Stairs down to The Gnomish Mines. Level 3: Level 4: "s / giant mimic in shop" A general store, a grave. Level 5: Level 6: An altar to Camaxtli. Level 7: An altar. Level 8: A fountain. Oracle of Delphi. Level 9: "s" Stairs up to Sokoban, level 8. Level 10: A fountain, a sink, a grave. Level 11: A grave. Level 12: Level 13: A general store. Level 14: Summoned by Lord Carnarvon. Portal to The Quest. Level 15: A primitive area. Level 16: <- You were here. Final resting place for you, petrified by touching a cockatrice corpse bare-handed. Level 17: A fountain, a sink. Level 18: The Gnomish Mines: levels 3 to 10 Level 3: Level 4: Level 5: Many shops, a temple to Camaxtli, some fountains, a sink. Level 6: "nymphs" Level 7: Level 8: Level 9: "polytrap" Level 10: Some fountains. The Quest: Level 1: Home. Sokoban: levels 8 up to 5 Level 5: Solved. Level 6: Solved. Level 7: Solved. Level 8: Solved. Game over: ---------- / \ / REST \ / IN \ / PEACE \ / \ | Ashpool | | 29633 Au | | petrified by | | touching a | | cockatrice | | corpse | | 2023 | *| * * * | * _________)/\\_//(\/(/\)/\//\/|_)_______ Goodbye Ashpool the Archeologist... You turned to stone in The Dungeons of Doom on dungeon level 16 with 107068 points, and 29633 pieces of gold, after 28742 moves. You were level 12 with a maximum of 78 hit points when you turned to stone.